 Dungeon Crawl Stone Soup version 0.26.0-18-gc5c842f807 (webtiles) character file.

Game seed: 3643269817111305816

151 wojtek the Cudgeller (level 5, 0/32 HPs)
             Began as a Gargoyle Fighter on Jan 23, 2021.
             Slain by an adder (1 damage)
             ... on level 4 of the Dungeon.
             The game lasted 00:03:03 (2236 turns).

wojtek the Cudgeller (Gargoyle Fighter)             Turns: 2236, Time: 00:03:03

Health: 0/32       AC: 10    Str: 20    XL:     5   Next: 33%
Magic:  5/5        EV:  7    Int:  9    God:
Gold:   121        SH:  9    Dex:  9    Spells: 4/4 levels left

rFire    . . .     SeeInvis .   a - +0 flail
rCold    . . .     Faith    .   c - +0 kite shield
rNeg     + . .     Spirit   .   b - +0 scale mail
rPois    ∞         Reflect  .   (no helmet)
rElec    +         Harm     .   (no cloak)
rCorr    .         Rampage  .   (no gloves)
Will     .....                  (no boots)
Stlth    ..........             (no amulet)
HPRegen  0.10/turn              (no ring)
MPRegen  0.09/turn              (no ring)

@: no status effects
A: negative energy resistance 1, electricity resistance, unbreathing,
petrification resistance, miasma immunity, AC +4
a: no special abilities


You were on level 4 of the Dungeon.
You visited 1 branch of the dungeon, and saw 4 of its levels.

You collected 121 gold pieces.

Inventory:

Hand Weapons
 a - a +0 flail (weapon)
 o - a +0 hunting sling
Missiles
 f - 70 arrows
 i - 88 stones (quivered)
 n - 19 sling bullets
Armour
 b - a +0 scale mail (worn)
 c - a +0 kite shield (worn)
Jewellery
 h - an uncursed ring of protection from fire {unknown}
Scrolls
 j - a scroll of fear {unknown}
 k - a scroll of remove curse {unknown}
 m - a scroll of random uselessness {unknown}
 q - a scroll of teleportation {unknown}
 r - a scroll of blinking {unknown}
Potions
 d - a potion of might
 e - a potion of curing {unknown}
 g - a potion of lignification {unknown}
 l - a potion of heal wounds {unknown}
 p - a potion of ambrosia {unknown}


   Skills:
 - Level 3.2 Fighting
 + Level 5.4 Maces & Flails
 - Level 3.2 Armour
 - Level 3.2 Shields


You had 4 spell levels left.
You didn't know any spells.
Your spell library was empty.

Dungeon Overview and Level Annotations

Branches:
Dungeon (4/15)
 Temple: D:4-7

Altars:
Ashenzari
Dithmenos
Gozag
Nemelex Xobeh
Sif Muna

Portals:
Sewer: D:3

Annotations:
D:2 1 runed translucent door, Crazy Yiuf
D:3 Ijyb


Innate Abilities, Weirdness & Mutations

You are resistant to torment.
Your stone body is resilient. (AC +4)
You are immune to poison.
You resist negative energy. (rN+)
You are resistant to electric shocks. (rElec)
You can survive without breathing.
You are immune to petrification.
You are immune to miasma.


Message History

* * * LOW HITPOINT WARNING * * *
You block the worker ant's attack.
Your shield prevents you from hitting the worker ant.
The worker ant is lightly wounded.
The adder bites you but does no damage. You block the worker ant's attack.
You closely miss the worker ant.
The worker ant is lightly wounded.
The adder bites you.
* * * LOW HITPOINT WARNING * * *
The worker ant barely misses you. The adder closely misses you.
The worker ant bites you but does no damage.
You sock the worker ant!
The worker ant is heavily wounded.
The adder bites you but does no damage. You block the worker ant's attack.
The adder bites you but does no damage.
You closely miss the worker ant.
The worker ant is heavily wounded.
The worker ant bites you but does no damage.
The adder bites you.
You die...

#########
#.......#
#[...B..#
#...@S<.#
####.#.##
... ..
##... ...
##### ##.


You could see a worker ant and an adder.

Vanquished Creatures
  An orc priest (D:3)
  4 adders
  An ooze (D:1)
  2 worms (D:2)
  2 dart slugs
  3 leopard geckos
  3 giant cockroaches
  12 goblins
  7 hobgoblins
  4 jackals (D:1)
  9 kobolds
  A quokka (D:2)
  A ball python (D:1)
  8 bats
  4 frilled lizards
  6 rats
68 creatures vanquished.

Notes
Turn   | Place    | Note
-------+----------+-------------------------------------------
     0 | D:1      | wojtek the Gargoyle Fighter began the quest for the Orb.
     0 | D:1      | Reached XP level 1. HP: 14/14 MP: 1/1
   221 | D:1      | Reached XP level 2. HP: 17/19 MP: 2/2
   299 | D:1      | Reached skill level 3 in Maces & Flails
   397 | D:1      | Found a broken altar of Ashenzari.
   411 | D:1      | Reached XP level 3. HP: 23/23 MP: 3/3
  1226 | D:2      | Reached skill level 4 in Maces & Flails
  1288 | D:2      | Reached XP level 4. HP: 22/28 MP: 4/4
  1464 | D:2      | Found a shadowy altar of Dithmenos.
  1649 | D:2      | Found an opulent altar of Gozag.
  1649 | D:2      | Found a sparkling altar of Nemelex Xobeh.
  1649 | D:2      | Found a shimmering blue altar of Sif Muna.
  1877 | D:2      | Found a runed translucent door.
  1878 | D:2      | Noticed Crazy Yiuf
  2143 | D:3      | Reached skill level 5 in Maces & Flails
  2143 | D:3      | Reached XP level 5. HP: 29/32 MP: 5/5
  2190 | D:3      | Found a glowing drain.
  2193 | D:3      | Noticed Ijyb
  2234 | D:4      | HP: 1/32 [adder (2)]
  2236 | D:4      | Slain by an adder

Illustrated notes

Levels and vault maps discovered:
D:1:      psy_arrival_basics, layout_loops_corners, nicolae_ashenzari_panopticon
D:2:      layout_basic, old_standard_altar, gammafunk_temple_overflow_forgotten,
          kennysheep_generic_room_13, uniq_crazy_yiuf_cottage
D:3:      layout_rooms, old_standard_altar, gup_sewer_entry_glass,
          corexii_hall_statues_s, uniq_ijyb
D:4:      layout_basic, dancing_weapons_uskayaw, minmay_hedge_maze

Skill      XL: |  1  2  3  4 |
---------------+-------------+-----
Maces & Flails | 3 4 5 |  5.4
Fighting       | |  3.2
Armour         | |  3.2
Shields        | |  3.2

Action                   |  1- 3 |  4- 6 || total
-------------------------+-------+-------++-------
Melee: Flail             |   125 |   117 ||   242
Armor: Scale mail        |    65 |    81 ||   146
Dodge: Dodged            |    38 |    50 ||    88
Block: Kite shield       |    67 |    91 ||   158
